 Dungeon Crawl Stone Soup version 0.31-a0-819-gf6de2f5ab6 (webtiles) character file.

Game seed: 3874771788942139080

7 Armakuni the Charlatan (level 2, -2/19 HPs)
             Began as a Human Wanderer on Sept 23, 2023.
             Was an Initiate of Elyvilon.
             Slain by a lemure (6 damage)
             ... led by Pikel
             ... on level 4 of the Dungeon.
             The game lasted 00:03:51 (878 turns).

Armakuni the Charlatan (Human Wanderer)              Turns: 878, Time: 00:03:51

Health: -2/19      AC:  7    Str: 12    XL:     2   Next: 5%
Magic:  6/6        EV: 10    Int: 13    God:    Elyvilon [......]
Gold:   55         SH:  0    Dex: 17    Spells: 7/7 levels left

rFire   . . .        a - +0 mace
rCold   . . .        (no shield)
rNeg    . . .        i - +0 ring mail
rPois   .            (no helmet)
rElec   .            b - +0 cloak
rCorr   .            f - +0 pair of gloves
SInv    .            (no boots)
Will    +....        (no amulet)
Stlth   +            D - +6 ring of dexterity
HPRegen 0.23/turn    (no ring)
MPRegen 0.10/turn

%: no passive effects
@: enlightened, flying
A: no striking features
a: Renounce Religion


You were on level 4 of the Dungeon.
You worshipped Elyvilon.
Elyvilon was noncommittal.
You visited 2 branches of the dungeon, and saw 4 of its levels.

You collected 55 gold pieces.

Inventory:

Hand Weapons
 a - a +0 mace (weapon)
Armour
 b - a +0 cloak (worn)
 f - a +0 pair of gloves (worn)
 i - a +0 ring mail (worn)
Jewellery
 D - a +6 ring of dexterity (left hand)
Miscellaneous
 e - a sack of spiders (inert) (quivered)


   Skills:
 + Level 0.0 Fighting
 - Level 1.5 Maces & Flails
 - Level 1.0 Stealth
 - Level 3.0 Spellcasting
 - Level 2.0 Invocations
 - Level 4.0 Evocations


You had 7 spell levels left.
You didn't know any spells.
Your spell library contained the following spells:

 Spells                   Type           Power      Damage    Failure   Level
 Summon Small Mammal      Summ           4%         N/A       45%         1
 Ensorcelled Hibernation  Hex/Ice        2%         N/A       61%         2
 Jinxbite                 Hex            2%         N/A       61%         2
 Call Canine Familiar     Summ           1%         N/A       83%         3
 Summon Guardian Golem    Hex/Summ       1%         N/A       83%         3


Dungeon Overview and Level Annotations

Branches:
Dungeon (4/15)             Temple (1/1) D:4

Altars:
Ashenzari
Cheibriados
Dithmenos
Elyvilon
Fedhas
Gozag
Hepliaklqana
Kikubaaqudgha
Makhleb
Okawaru
Qazlal
Ru
Sif Muna
Uskayaw
Vehumet
Wu Jian
Xom
Yredelemnul
Zin

Annotations:
Temple Pikel


Message History

Unknown command.
Unknown command.
The lemure attacks as it pursues you! The lemure hits you.
You aren't carrying any scrolls.
The lemure attacks as it pursues you! The lemure hits you.
* * * LOW HITPOINT WARNING * * *
The lemure attacks as it pursues you! The lemure hits you but does no damage.
The lemure attacks as it pursues you! The lemure hits you.
* * * LOW HITPOINT WARNING * * *
The lemure attacks as it pursues you! The lemure hits you.
* * * LOW HITPOINT WARNING * * *
The lemure attacks as it pursues you! The lemure hits you.
* * * LOW HITPOINT WARNING * * *
The lemure attacks as it pursues you! The lemure closely misses you.
Found a scroll labelled CONOSUCOAT.
An orc comes into view. It is wielding a +0 short sword.
The orc shouts!
An orc comes into view. It is wielding a +0 mace.
An orc comes into view. It is wielding a +0 short sword.
The orc shouts!
The lemure attacks as it pursues you! The lemure hits you.
* * * LOW HITPOINT WARNING * * *
An orc comes into view. It is wielding a +0 short sword.
You see here a scroll labelled CONOSUCOAT.
c - a scroll labelled CONOSUCOAT The lemure hits you.
* * * LOW HITPOINT WARNING * * *
As you read the scroll labelled CONOSUCOAT, it crumbles to dust.
It is a scroll of identify.
You don't currently have any unidentified items.
The lemure misses you. The lemure attacks as it pursues you!
The lemure closely misses you.
Found a leather armour.
The lemure attacks as it pursues you! The lemure hits you.
* * * LOW HITPOINT WARNING * * *
You hear the rusting of a very distant drain.
Found 10 gold pieces.
Found a robe and a scroll labelled WONGUEC XUNWOOT.
The lemure attacks as it pursues you! The lemure hits you.
You die...

#. #. #..#.
#..#.########
###..........$ ..?
.......#### ###.[
#.[.......
......#.....####....#.
#....@5.o......#. ....
......###.#.##.#....#...
####. #.#.# .o#.##.# #
#5#o# #.......
.###.#o#####.#.##.#
..........o..o#.##.#
.####...........##.#
.....#######.####.#
###................


You could see a lemure and an orc.

Vanquished Creatures
  A goblin (D:1)
  2 hobgoblins (D:1)
  A ball python (D:1)
  3 rats (D:1)
7 creatures vanquished.

Vanquished Creatures (collateral kills)
  A lemure (D:4)
1 creature vanquished.

Grand Total: 8 creatures vanquished

Notes
Turn   | Place    | Note
-------+----------+-------------------------------------------
     0 | D:1      | Armakuni the Human Wanderer began the quest for the Orb.
     0 | D:1      | Armakuni set off with the following items: a +0 club, a +0
                  | cloak, a scroll of fear, a +0 robe, a sack of spiders; and
                  | the following spells available to memorise: Ensorcelled
                  | Hibernation, Jinxbite.
     0 | D:1      | Reached XP level 1. HP: 13/13 MP: 4/4
   294 | D:1      | Reached skill level 1 in Maces & Flails
   506 | D:1      | Reached XP level 2. HP: 19/19 MP: 6/6
   696 | D:2      | You fall into a shaft and drop 2 floors!
   732 | D:4      | Found a staircase to the Ecumenical Temple.
   739 | Temple   | Entered the Ecumenical Temple
   746 | Temple   | Became a worshipper of Elyvilon the Healer
   757 | D:4      | Noticed a lemure
   771 | D:4      | Killed a lemure
   772 | D:4      | Noticed Pikel
   829 | D:4      | Noticed a lemure
   834 | D:4      | Noticed a lemure
   840 | D:4      | Noticed a lemure
   878 | D:4      | Slain by a lemure

Illustrated notes

Levels and vault maps discovered:
D:1:      onia_arrival_mini_spirals, layout_loops_ring, minmay_liquid_box,
          chequers_serial_rivers_room_a
D:2:      layout_basic, uniq_robin, uniq_terence, uniq_natasha
D:4:      layout_loops_ring, temple_green, gup_sewer_entry_spiral,
          grunt_ministairs_7, uniq_pikel
Temple:   compressed_dpeg_triangle_lava_temple

Skill      XL: |  1 |
---------------+----+-----
Maces & Flails | 1 |  1.5
Stealth        | |  1.0
Spellcasting   | |  3.0
Invocations    | |  2.0
Evocations     | |  4.0

Action                     || total
---------------------------++-------
  Melee: Mace              ||    17
         Club              ||     8
  Evoke: Sack of spiders   ||     1
    Use: Scroll            ||     2
         Potion            ||     2
 Armour: Ring mail         ||    25
         Robe              ||     5
  Dodge: Dodged            ||    19

Table legend: (Time is in decaauts)
 A = Elapsed time spent in this place.
 B = Non-inter-level travel time spent in this place.
 C = Inter-level travel time spent in this place.
 D = Time resting spent in this place.
 E = Time spent auto-exploring this place.
 F = Levels seen in this place.
 G = Mean time per level.
                   A        B        C        D        E       F      G
               +--------+--------+--------+--------+--------+-----+--------+
         Total |    887 |    838 |     49 |     53 |    535 |   4 |  221.8 |
       Dungeon |    819 |    770 |     49 |      4 |    535 |   3 |  273.0 |
        Temple |     67 |     67 |      0 |     49 |      0 |   1 |   67.0 |
               +--------+--------+--------+--------+--------+-----+--------+

Top non-repeatable levels by time:
     D:1: 693 daAuts
     D:4: 117 daAuts
  Temple: 67 daAuts
     D:2: 8 daAuts
